 Dungeon Crawl Stone Soup version 0.31.0-4-g52a2dc7128 (console) character file.

Game seed: 13215233178201873830

82 AlterAsc the Changeling (level 4, -1/23 HPs)
             Began as a Spriggan Shapeshifter on Jan 21, 2024.
             Slain by a gnoll
             ... wielding a +0 spear
              (5 damage)
             ... on level 3 of the Dungeon.
             The game lasted 00:04:02 (2179 turns).

AlterAsc the Changeling (Spriggan Shapeshifter)     Turns: 2179, Time: 00:04:03

Health: -1/23      AC:  2    Str: 10    XL:     4   Next: 21%
Magic:  5/5        EV: 18    Int: 11    God:
Gold:   79         SH:  0    Dex: 16    Spells: 3/3 levels left

rFire   . .          .
                       - Unarmed
rCold   . . .        (no shield)
rNeg    . . .        a - +0 animal skin
rPois   .            (helmet currently unavailable)
rElec   .            (cloak currently unavailable)
rCorr   .            (gloves unavailable)
SInv    +            (boots unavailable)
Will    .....        (no amulet)
Stlth   +            (no ring)
HPRegen 0.23/turn    (no ring)
MPRegen 0.09/turn

%: no passive effects
@: beast-form, very quick
A: beast (slay +2), very small, no large weapons, unfitting armour, see
invisible, speed 3
a: Begin Untransformation


You were on level 3 of the Dungeon.
You were a hulking beast.
You visited 1 branch of the dungeon, and saw 3 of its levels.

You collected 79 gold pieces.

Inventory:

Missiles
 k - 22 stones (quivered)
 m - 5 poisoned darts
Armour
 a - a +0 animal skin (worn)
Talismans
 c - a beast talisman
 d - a flux talisman
Scrolls
 e - 2 scrolls of torment {unknown}
 f - 3 scrolls of teleportation {unknown}
 h - a scroll of identify {unknown}
 i - a scroll of immolation {unknown}
 j - 3 scrolls of enchant armour {unknown}
 l - 2 scrolls of brand weapon {unknown}
 p - a scroll of poison {unknown}
 q - a scroll of fear {unknown}
 s - a scroll of revelation {unknown}
Potions
 b - a potion of lignification
 g - 4 potions of degeneration {unknown}
 n - a potion of cancellation {unknown}
 o - 2 potions of heal wounds {unknown}
 r - a potion of magic {unknown}


   Skills:
 * Level 2.1 Fighting
 + Level 3.6 Dodging
 + Level 2.9 Unarmed Combat
 + Level 4.5 Shapeshifting


You had 3 spell levels left.
You didn't know any spells.
Your spell library contained the following spells:

 Spells                   Type           Power      Damage    Failure   Level
 Cigotuvi's Dreadful Rot  Necr/Alch/Air  0%         N/A       47%         2
 Ignite Poison            Fire/Alch      0%         N/A       98%         4
 Freezing Cloud           Conj/Ice/Air   0%         6-21      100%        5


Dungeon Overview and Level Annotations

Branches:
Dungeon (3/15)

Altars:


Innate Abilities, Weirdness & Mutations

You are a hulking beast.
Your limbs bulge with bestial killing power. (Slay +2)
You are very small and have problems with some larger weapons.
You are too small for most types of armour.
You have supernaturally acute eyesight. (SInv)
You cover ground extremely quickly. (Speed+++)


Message History

HP restored.
Found a stone staircase leading up.
A gnoll comes into view. It is wielding a +0 flail.
The gnoll shouts!
You hear a shout!
A gnoll comes into view.
It is wielding a +0 whip of electrocution.
A gnoll comes into view. It is wielding a +0 spear.
You hit the gnoll.
The gnoll is moderately wounded.
The gnoll completely misses you.
You hit the gnoll.
The gnoll is severely wounded.
The gnoll completely misses you.
You hit the gnoll but do no damage.
The gnoll is severely wounded.
You hit the gnoll.
The gnoll is lightly wounded.
The gnoll barely misses you.
You hit the gnoll but do no damage.
The gnoll is lightly wounded.
The gnoll completely misses you.
You hit the gnoll.
The gnoll is heavily wounded.
The gnoll closely misses you. The gnoll misses you.
You hit the gnoll but do no damage.
The gnoll is heavily wounded.
The gnoll completely misses you. The gnoll closely misses you.
You hit the gnoll but do no damage.
The gnoll is heavily wounded.
The gnoll misses you.
You hit the gnoll.
The gnoll is severely wounded.
The gnoll hits you with a +0 whip of electrocution!
You are electrocuted!
Ouch! That really hurt!
* * * LOW HITPOINT WARNING * * *
The gnoll completely misses you.
You punch the gnoll!
You kill the gnoll!
The gnoll hits you from afar with a +0 spear.
You die...

....... #..... .#
#..... .# #.... ..#
.... ..# ## ..#...#
....###.#...###
........g......
....###g######. .
##h#### ##.....#
##..###.#
..#####..####...
..................
######P.####...<..
#. #..# .. . #. #..#
.#+##. ####..##+#P.
....#'###...........
......)...⌠.........


You could see 2 gnolls.

Vanquished Creatures
  Robin (D:1)
  A gnoll (D:3)
  An adder (D:2)
  A dart slug (D:1)
  2 ribbon worms (D:2)
  2 endoplasms (D:1)
  2 giant cockroaches
  11 goblins
  13 hobgoblins
  2 jackals (D:2)
  3 kobolds
  A quokka (D:1)
  A ball python (D:1)
  5 bats
  2 frilled lizards (D:1)
  2 rats (D:1)
50 creatures vanquished.

Notes
Turn   | Place    | Note
-------+----------+-------------------------------------------
     0 | D:1      | AlterAsc the Spriggan Shapeshifter began the quest for the
                  | Orb.
     0 | D:1      | Reached XP level 1. HP: 9/9 MP: 2/2
   145 | D:1      | Reached skill level 1 in Fighting
   319 | D:1      | Reached XP level 2. HP: 14/14 MP: 3/3
  1117 | D:2      | Reached XP level 3. HP: 18/18 MP: 4/4
  1194 | D:2      | Noticed Robin
  1319 | D:1      | Killed Robin
  1572 | D:2      | Reached XP level 4. HP: 23/23 MP: 5/5
  2179 | D:3      | Slain by a gnoll

Illustrated notes

Levels and vault maps discovered:
D:1:      dpeg_arrival_simpleton_c, layout_loops_corners, serial_bayou_lagoon_a
D:2:      layout_basic, small_statue_intersection,
          chequers_serial_rivers_room_b, uniq_robin
D:3:      corexii_shack_village, layout_basic, grunt_dithmenos_smoke,
          shapermc_ecumenical_altar_mp_ritualfount, gammafunk_ghost_stat_death,
          uniq_ijyb

Skill      XL: |  1  2  3 |
---------------+----------+-----
Fighting       | 1 2 |  2.1
Dodging        | 3 |  3.6
Unarmed Combat | |  2.9
Shapeshifting  | |  4.5

Action                     |  1- 3 |  4- 6 || total
---------------------------+-------+-------++-------
  Melee: Unarmed           |   112 |    44 ||   156
         Punch             |     1 |     1 ||     2
   Stab: Sleeping          |     2 |       ||     2
 Armour: Animal skin       |    36 |     7 ||    43
  Dodge: Dodged            |    90 |    37 ||   127
